 Dungeon Crawl Stone Soup version 0.29.1-15-g9cfb28693d (webtiles) character file.

Game seed: 10191322293793354706

16 croobank the Sneak (level 2, -12/21 HPs)
             Began as an Octopode Delver on Mar 14, 2023.
             Mangled by an ogre
             ... wielding a +0 giant club
              (33 damage)
             ... on level 4 of the Dungeon.
             The game lasted 00:01:59 (478 turns).

croobank the Sneak (Octopode Delver)                 Turns: 478, Time: 00:02:00

Health: -12/21     AC:  1    Str: 17    XL:     2   Next: 58%
Magic:  2/2        EV: 13    Int: 12    God:
Gold:   11         SH:  0    Dex: 13    Spells: 1/1 levels left

rFire   . . .      SeeInvis .     - Unarmed
rCold   . . .      Faith    .   (no shield)
rNeg    . . .      Spirit   .   (helmet restricted)
rPois   .          Reflect  .   (no amulet)
rElec   .          Harm     .   d - +6 ring of strength
rCorr   .          Rampage  .   (no ring)
Will    .....                   (no ring)
Stlth   ++++......              (no ring)
HPRegen 0.07/turn               (no ring)
MPRegen 0.08/turn               (no ring)
                                (no ring)
                                (no ring)

@: no status effects
A: almost no armour, amphibious, 8 rings, camouflage 1, gelatinous body 1,
(nimble swimmer 1), tentacles
a: no special abilities


You were on level 4 of the Dungeon.
You visited 1 branch of the dungeon, and saw 3 of its levels.

You collected 11 gold pieces.

Inventory:

Magical Staves
 c - a staff of earth
Jewellery
 d - a +6 ring of strength (left tentacle)
Wands
 e - a wand of digging (3)
Scrolls
 a - a scroll of fog
 b - a scroll of noise {unknown}
 f - a scroll of enchant weapon {unknown}


   Skills:
 + Level 3.2 Fighting
 + Level 2.3 Dodging
 + Level 6.8 Stealth
 + Level 2.3 Unarmed Combat


You had one spell level left.
You didn't know any spells.
Your spell library was empty.

Dungeon Overview and Level Annotations

Branches:
Dungeon (6/15)             Temple (0/1) D:4

Altars:
Gozag

Annotations:
D:5 3 runed translucent doors, Renzlar's ghost, novice GnFi


Innate Abilities, Weirdness & Mutations

You cannot wear most types of armour.
You are amphibious.
You can wear up to eight rings at the same time.
Your skin changes colour to match your surroundings (Stealth+).
Your rubbery body absorbs attacks. (AC +1, EV +1)
((You are camouflaged when in or above water. (Stealth+)))
You have tentacles for arms and can constrict up to eight enemies at once.


Message History

There is a stone staircase leading down here.
You start resting.
You feel yourself slow down.
You start resting.
HP restored.
You now have 11 gold pieces.
You open the door.
Found a staircase to the Ecumenical Temple.
You see here a staff of earth.
A black bear and a goblin come into view.
Unknown command.
You see here a staff of earth.
c - a staff of earth You have 11 gold pieces.
Unknown command.
Found 8 stones.
Found a steel ring.
You see here 8 stones.
Found a dagger.
d - a +6 ring of strength You feel stronger.
d - a +6 ring of strength (left tentacle)
Okay, then.
Found a green potion.
Found a green potion.
Found an escape hatch in the floor.
g - a green potion A worm and an ogre come into view.
The ogre shouts!
A giant cockroach comes into view.
Found a scroll labelled BUJESOFUWESK.
The ogre barely misses you.
Okay, then.
You tentacle-slap the ogre.
The ogre is lightly wounded.
It was a potion of heal wounds.
You feel much better. The ogre barely misses you.
You tentacle-slap the ogre.
The ogre is moderately wounded.
The ogre hits you with a +0 giant club!!
Ouch! That really hurt!
You die...

#.....#.⌠.#
....?..
#...#......
........
#.#...⌠.>.⌠
........
#...#......
........
#.....#.⌠.#
........##
#..........
.........#
#...(..#.#.
.......♣.♣
#..........
.....wO@.#
#####...#..
#.....#♣.♣
###.... #....
#.###########....
....
♣.♣..............
...
#..........##....
..
♣.♣........######
. #....>.....#
#......#####
#......#


You could see an ogre and a worm.

Vanquished Creatures
  An adder (D:5)
  An ufetubus (D:5)
  An orc (D:5)
3 creatures vanquished.

Notes
Turn   | Place    | Note
-------+----------+-------------------------------------------
     0 | D:5      | croobank the Octopode Delver began the quest for the Orb.
     0 | D:5      | Reached XP level 1. HP: 16/16 MP: 1/1
    17 | D:5      | Reached XP level 2. HP: 18/21 MP: 2/2
   107 | D:6      | Noticed an ice beast
   109 | D:5      | HP: 1/21 [orc/+0 dagger (3)]
   126 | D:5      | Found a runed translucent gate.
   126 | D:5      | Found a runed translucent gate.
   126 | D:5      | Found a runed translucent gate.
   127 | D:5      | Found an opulent altar of Gozag.
   127 | D:5      | Noticed a vampire mosquito
   128 | D:5      | Noticed Renzlar's ghost (novice GnFi)
   129 | D:5      | Noticed a black bear
   422 | D:4      | Found a staircase to the Ecumenical Temple.
   424 | D:4      | Noticed a black bear
   474 | D:4      | Noticed an ogre
   478 | D:4      | Mangled by an ogre

Illustrated notes

Levels and vault maps discovered:
D:4:      layout_basic, minmay_temple_entry_sparse_star, serial_forest,
          infiniplex_forest_zigzag_1, infiniplex_forest_end_3,
          infiniplex_forest_lined_2, infiniplex_forest_clump_medium,
          infiniplex_forest_straight_2
D:5:      layout_basic, mainiacjoe_overflow_tiny_flanked, ebering_ghost_gozag,
          pf_guarded_unrand_meek
D:6:      layout_rooms, ebering_ghost_rock_garden, serial_shops,
          nicolae_shop_competitors_out_of_business, palyth_stone_intersect,
          uniq_sigmund, uniq_grinder, uniq_prince_ribbit1

Action                   || total
-------------------------++-------
Melee: Unarmed           ||    11
       Constrict         ||     3
  Use: Scroll            ||     2
       Potion            ||     2
 Stab: Sleeping          ||     2
Dodge: Dodged            ||     8
